 Dungeon Crawl Stone Soup version 0.25.0-10-g039870ee82 (webtiles) character file.

Game seed: 17964223050603614752

294 Kold the Chopper (level 6, -2/48 HPs)
             Began as a Demonspawn Monk on June 22, 2020.
             Was a High Priest of Jiyva.
             Slain by an elf zombie (5 damage)
             ... in an ossuary.
             The game lasted 00:06:43 (4628 turns).

Kold the Chopper (Demonspawn Monk)                  Turns: 4628, Time: 00:06:44

Health: -2/48      AC:  3    Str:  9    XL:     6   Next: 11%
Magic:  6/6        EV: 16    Int: 12    God:    Jiyva [*****.]
Gold:   24         SH:  0    Dex: 19    Spells: 5/5 levels left

rFire    + + .     SeeInvis .   f - +4 club
rCold    + . .     Gourm    .   (no shield)
rNeg     . . .     Faith    .   b - +0 robe
rPois    +         Spirit   .   (no helmet)
rElec    +         Reflect  .   (no cloak)
rCorr    +         Harm     .   (no gloves)
MR       .....                  h - +0 pair of boots (curse)
Stlth    ++........             (no amulet)
HPRegen  0.00/turn              (no ring)
MPRegen  0.10/turn              (no ring)

@: resistant
A: talons 2, repulsion field 1, blink, clever 1, fire resistance 1, inhibited
regeneration, weak 1
a: Blink, Request Jelly, Slimify, Cure Bad Mutation, Renounce Religion


You were in an ossuary.
You worshipped Jiyva.
Jiyva was extremely pleased with you.
You were very full.

You visited 1 branch of the dungeon, and saw 4 of its levels.
You also visited: Ossuary.

You collected 66 gold pieces.
You spent 42 gold pieces at shops.

Inventory:

Hand Weapons
 a - a +0 hand axe
 f - a +4 club (weapon)
Armour
 b - a +0 robe (worn)
 h - a cursed +0 pair of boots (worn)
 j - a +1 robe of cold resistance
Wands
 d - a wand of iceblast (7)
Scrolls
 e - a scroll of magic mapping
Comestibles
 c - 2 rations


   Skills:
 - Level 4.0 Fighting
 + Level 5.5 Axes
 + Level 0.6(3.4) Maces & Flails
 - Level 3.0 Dodging
 - Level 2.0 Stealth


You had 5 spell levels left.
You didn't know any spells.
Your spell library was empty.

Dungeon Overview and Level Annotations

Branches:
Dungeon (4/15)             Temple (0/1) D:4         Ossuary (1/1)

Altars:
Ashenzari
Fedhas
Kikubaaqudgha
Okawaru
Xom
Zin
Jiyva

Shops:
D:4 *


Innate Abilities, Weirdness & Mutations

You have razor-sharp toenails.
You are surrounded by a mild repulsion field. (EV +2)
Your flesh is heat resistant. (rF+)
You can translocate small distances at will.
Your mind is acute. (Int +2)
You do not regenerate when monsters are visible.
You are weak. (Str -2)


Message History

The goblin zombie barely misses you.
You hit the gnoll zombie.
The gnoll zombie is severely damaged.
The elf zombie hits you!
* * * LOW HITPOINT WARNING * * *
The gnoll zombie completely misses you. The goblin zombie hits you.
* * * LOW HITPOINT WARNING * * *
As you read the scroll labeled ZILEIG SIPHOR, it crumbles to dust.
It is a scroll of identify.
e - a scroll of magic mapping The elf zombie misses you.
The gnoll zombie hits you but does no damage.
Aiming: Iceblast
Press: ? - help, Shift-Dir - straight line The mass of ice explodes!
The iceblast engulfs the gnoll zombie.
The gnoll zombie partially resists.
You destroy the gnoll zombie!
The goblin zombie completely misses you.
The elf zombie hits you.
You die...

##### ##...##
##.....##
#...∩...#
#.......#
#...∩...#
##@ZZ..##
##Z..## #...#
#...#
#...........#
##Z........##
#...........#
##.........##
...........#


You could see a goblin zombie, a hobgoblin zombie and an elf zombie.

Vanquished Creatures
  A scorpion (D:4)
  A hound (D:4)
  An orc wizard (D:4)
  Ijyb (D:3)
  A gnoll (D:1)
  5 adders
  3 oozes (D:1)
  A dart slug (D:1)
  2 leopard geckos
  4 orcs (D:4)
  A giant cockroach (D:3)
  3 gnoll zombies (Ossuary)
  4 goblins
  6 hobgoblins
  10 jackals
  9 kobolds
  A ball python (D:2)
  4 bats
  A frilled lizard (D:4)
  2 goblin zombies (Ossuary)
  A leopard gecko skeleton (D:3)
  4 rats
66 creatures vanquished.

Vanquished Creatures (others)
  A sky beast (D:3)
  A phantom (D:4)
  2 jellies
  A centaur skeleton (D:4)
  An orc wizard (D:4)
  A worker ant (D:4)
  A worker ant zombie (D:4)
  6 adders
  An adder skeleton (D:4)
  4 worms
  A dart slug (D:2)
  3 leopard geckos
  An orc (D:4)
  4 bats
  3 hobgoblins
  3 jackals (D:3)
  3 kobolds
  A quokka (D:3)
  3 frilled lizards
  3 goblins
  A rat (D:2)
45 creatures vanquished.

Grand Total: 111 creatures vanquished

Notes
Turn   | Place    | Note
-------+----------+-------------------------------------------
     0 | D:1      | Kold the Demonspawn Monk began the quest for the Orb.
     0 | D:1      | Reached XP level 1. HP: 18/18 MP: 1/1
   141 | D:1      | Gained mutation: You have sharp toenails. [demonic
                  | ancestry]
   141 | D:1      | Reached XP level 2. HP: 6/24 MP: 2/2
   465 | D:1      | Reached skill level 3 in Axes
   605 | D:1      | Gained mutation: Your flesh is heat resistant. (rF+)
                  | [demonic ancestry]
   605 | D:1      | Reached XP level 3. HP: 10/29 MP: 3/3
  1821 | D:2      | Found a shattered altar of Ashenzari.
  1947 | D:2      | Gained mutation: You have razor-sharp toenails. [demonic
                  | ancestry]
  1947 | D:2      | Reached XP level 4. HP: 37/37 MP: 4/4
  2045 | D:2      | Found a faded altar of an unknown god.
  2060 | D:2      | Became a worshipper of Jiyva Jeag the Shapeless
  2060 | D:2      | Reached * piety under Jiyva
  2060 | D:2      | Reached ** piety under Jiyva
  2079 | D:2      | Reached *** piety under Jiyva
  2152 | D:2      | Gained mutation: Your mind is acute. (Int +2) [Jiyva's
                  | grace]
  2197 | D:2      | Reached **** piety under Jiyva
  2240 | D:2      | Found an iron altar of Okawaru.
  2320 | D:2      | HP: 1/37 [worm (5)]
  2813 | D:2      | Found a glowing silver altar of Zin.
  2975 | D:3      | Noticed Ijyb
  2999 | D:3      | Killed Ijyb
  2999 | D:3      | Reached skill level 4 in Axes
  3142 | D:3      | Gained mutation: You are weak. (Str -2) [Jiyva's grace]
  3273 | D:3      | Reached ***** piety under Jiyva
  3503 | D:3      | Noticed a sky beast
  3517 | D:3      | Killed a sky beast
  3517 | D:3      | Gained mutation: You are surrounded by a mild repulsion
                  | field. (EV +2) [demonic ancestry]
  3517 | D:3      | Reached XP level 5. HP: 10/42 MP: 5/5
  3909 | D:3      | Found a blossoming altar of Fedhas.
  3909 | D:3      | Found an ancient bone altar of Kikubaaqudgha.
  4123 | D:4      | Found a staircase to the Ecumenical Temple.
  4136 | D:4      | Gained mutation: You can translocate small distances at
                  | will. [Jiyva's grace]
  4158 | D:4      | Reached skill level 5 in Axes
  4162 | D:4      | Found a shimmering altar of Xom.
  4306 | D:4      | Reached XP level 6. HP: 41/48 MP: 6/6
  4428 | D:4      | Gained mutation: You do not regenerate when monsters are
                  | visible. [Jiyva's grace]
  4451 | D:4      | Found Qefar's General Store.
  4462 | D:4      | Bought a cursed +0 pair of boots for 42 gold pieces
  4592 | D:4      | Found a sand-covered staircase.
  4597 | Ossuary  | Entered an ossuary
  4628 | Ossuary  | Slain by an elf zombie

Illustrated notes

Levels and vault maps discovered:
D:1:      shiori_shiawase, layout_basic
D:2:      layout_basic, okawaru_gym_becter, zin_statuary, ashenzari_altar_1,
          chequers_ecumenical_altar_simple_redux, minmay_misc_feat_iff,
          minmay_close_crescents
D:3:      layout_basic, grunt_temple_overflow_growth_and_decay, uniq_ijyb
D:4:      layout_loops_ring, grunt_dithmenos_shadows,
          nicolae_overflow_crystal_walls, minmay_temple_entry_gardened_gates,
          enter_ossuary_2, serial_shops, nicolae_shop_crystal, first_ration
Ossuary:  minmay_ossuary_gauntlet

Skill      XL: |  1  2  3  4  5 |
---------------+----------------+-----
Dodging        | 3 |  3.0
Axes           | 3 4 5 |  5.5
Stealth        | 2 |  2.0
Fighting       | 4 |  4.0
Maces & Flails | |  0.6

Action                   |  1- 3 |  4- 6 || total
-------------------------+-------+-------++-------
Melee: Hand axe          |   106 |    60 ||   166
       Kick              |    22 |    35 ||    57
       Club              |       |    98 ||    98
Evoke: Wand              |       |     1 ||     1
  Use: Potion            |       |     2 ||     2
       Scroll            |       |     1 ||     1
 Stab: Sleeping          |     4 |     2 ||     6
  Eat: Chunk             |     3 |     1 ||     4
Armor: Robe              |    10 |    17 ||    27
Dodge: Dodged            |    82 |   126 ||   208
